 Dungeon Crawl Stone Soup version 0.28-a0-413-gde365fb1df (webtiles) character file.

Game seed: 2135217179643887468

77 heikuro the Shield-Bearer (level 4, -8/37 HPs)
             Began as a Formicid Fighter on Sept 7, 2021.
             Mangled by a kobold (19 damage)
             ... on level 3 of the Dungeon.
             The game lasted 00:03:10 (2316 turns).

heikuro the Shield-Bearer (Formicid Fighter)        Turns: 2316, Time: 00:03:11

Health: -8/37      AC:  7    Str: 22    XL:     4   Next: 60%
Magic:  4/4        EV:  9    Int:  7    God:
Gold:   98         SH:  4    Dex: 10    Spells: 3/3 levels left

rFire   . . .      SeeInvis +   a - +0 long sword
rCold   . . .      Faith    .   c - +0 buckler
rNeg    . . .      Spirit   .   b - +0 scale mail
rPois   .          Reflect  .   (helmet unavailable)
rElec   .          Harm     .   (no cloak)
rCorr   .          Rampage  .   (no gloves)
Will    +....                   (no boots)
Stlth   ..........              (no amulet)
HPRegen 0.12/turn               m - ring of willpower
MPRegen 0.09/turn               (no ring)

@: no status effects
A: permanent stasis, dig shafts and tunnels, antennae 3, four strong arms
a: Dig, Shaft Self


You were on level 3 of the Dungeon.
You visited 1 branch of the dungeon, and saw 3 of its levels.

You collected 98 gold pieces.

Inventory:

Hand Weapons
 a - a +0 long sword (weapon)
Armour
 b - a +0 scale mail (worn)
 c - a +0 buckler (worn)
Jewellery
 m - a ring of willpower (left hand)
Scrolls
 f - a scroll of identify
 i - 2 scrolls of amnesia {unknown}
 j - 2 scrolls of noise {unknown}
 k - a scroll of vulnerability {unknown}
 l - a scroll of teleportation {unknown}
 n - a scroll of fear {unknown}
Potions
 d - a potion of might
 e - a potion of curing
 g - 2 potions of heal wounds
 h - a potion of lignification


   Skills:
 + Level 3.9 Fighting
 + Level 2.8 Long Blades
 + Level 4.0 Armour
 + Level 4.3 Shields


You had 3 spell levels left.
You didn't know any spells.
Your spell library contained the following spells:

 Spells                   Type           Power      Damage    Failure   Level
 Summon Guardian Golem    Hex/Summ       0%         N/A       98%         3
 Orb of Destruction       Conj           0%         N/A       100%        7
 Spellforged Servitor     Conj/Summ      0%         N/A       100%        7


Dungeon Overview and Level Annotations

Branches:
Dungeon (3/15)

Altars:


Innate Abilities, Weirdness & Mutations

You cannot be hasted, slowed, berserked, paralysed or teleported.
You can dig through walls and to a lower floor.
You have a pair of large antennae on your head. (SInv)
Your four strong arms can wield two-handed weapons with a shield.


Message History

A hobgoblin comes into view.
The hobgoblin shouts!
You hear an angry hiss.
An adder comes into view.
Found a dented jasper amulet.
The hobgoblin closely misses you.
You closely miss the hobgoblin. The hobgoblin barely misses you.
You hit the hobgoblin.
You kill the hobgoblin!
You barely miss the adder. The adder barely misses you.
You closely miss the adder. The adder bites you but does no damage.
The adder bites you.
You are poisoned.
The adder poisons you!
You slash the adder!
The adder is almost dead.
You feel sick. The adder barely misses you.
You closely miss the adder.
The adder is almost dead.
You feel sick. The adder bites you.
A kobold comes into view.
It is wielding a +0 whip of electrocution.
The adder bites you but does no damage.
The kobold shouts!
You hit the adder.
You kill the adder!
You feel sick.
You are no longer poisoned.
A hobgoblin comes into view.
Your Armour skill increases to level 4!
Found 13 bolts.
The hobgoblin shouts!
Things that are here:
an adder corpse; a hobgoblin corpse You barely miss the kobold.
The kobold hits you but does no damage.
You are electrocuted!
Things that are here:
an adder corpse; a hobgoblin corpse The kobold hits you with a +0 whip of electrocution.
* * * LOW HITPOINT WARNING * * *
You are electrocuted!!
Ouch! That really hurt!
You die...

########### ≈≈≈≈≈≈≈..##
#≈≈≈≈≈≈≈≈## #≈≈≈≈≈≈≈.## ....
#≈≈≈≈≈...## #.....
#######.≈≈.≈...### ......
#...##.≈≈≈≈≈.....## #......
###....≈≈≈≈≈....@.###.......
...<...≈≈≈.≈##.#.K##........
...)...≈≈≈≈.....#g..........
.......≈≈≈...##..#.†........
........≈≈≈.####............
......≈.≈≈..# ###..........
.......≈≈.≈.# #...........
.....>≈≈≈≈≈.# #.##........
.......≈≈≈≈ #. .........


You could see a hobgoblin and a kobold.

Vanquished Creatures
  2 adders
  2 dart slugs
  4 orcs
  4 ball pythons
  6 bats
  4 endoplasms
  2 giant cockroaches (D:1)
  4 goblins
  3 hobgoblins
  5 kobolds
  2 quokkas
  3 frilled lizards (D:1)
  9 rats
50 creatures vanquished.

Vanquished Creatures (others)
  4 plants (D:2)
4 creatures vanquished.

Grand Total: 54 creatures vanquished

Notes
Turn   | Place    | Note
-------+----------+-------------------------------------------
     0 | D:1      | heikuro the Formicid Fighter began the quest for the Orb.
     0 | D:1      | Reached XP level 1. HP: 18/18 MP: 1/1
   149 | D:1      | Reached XP level 2. HP: 24/24 MP: 2/2
   256 | D:1      | Found a faded altar of an unknown god.
   440 | D:1      | Reached XP level 3. HP: 29/29 MP: 3/3
  1509 | D:2      | Reached XP level 4. HP: 34/37 MP: 4/4
  2316 | D:3      | Mangled by a kobold

Illustrated notes

Levels and vault maps discovered:
D:1:      dpeg_arrival_fog, layout_loops_ring, chequers_ecumenical_altar_simple
D:2:      wad_lake_hut, layout_rooms, hangedman_decor_peaks_small
D:3:      layout_rooms, serial_rivers, chequers_serial_rivers_large_a,
          chequers_serial_rivers_room_b, chequers_serial_rivers_room_b,
          chequers_serial_rivers_micro_c, chequers_serial_rivers_micro_c,
          chequers_serial_rivers_small_a

Skill      XL: |  1  2  3  4 |
---------------+-------------+-----
Shields        | 4 |  4.3
Armour         | 4 |  4.0
Fighting       | |  3.9
Long Blades    | |  2.8

Action                   |  1- 3 |  4- 6 || total
-------------------------+-------+-------++-------
Melee: Long sword        |   113 |    38 ||   151
  Use: Scroll            |     3 |       ||     3
Armor: Scale mail        |    67 |    28 ||    95
Dodge: Dodged            |    73 |    26 ||    99
Block: Buckler           |    36 |     8 ||    44

Table legend: (Time is in decaauts)
 A = Elapsed time spent in this place.
 B = Non-inter-level travel time spent in this place.
 C = Inter-level travel time spent in this place.
 D = Time resting spent in this place.
 E = Time spent auto-exploring this place.
 F = Levels seen in this place.
 G = Mean time per level.
                   A        B        C        D        E       F      G
               +--------+--------+--------+--------+--------+-----+--------+
         Total |   2404 |   2355 |     49 |    701 |   1208 |   3 |  801.3 |
       Dungeon |   2404 |   2355 |     49 |    701 |   1208 |   3 |  801.3 |
               +--------+--------+--------+--------+--------+-----+--------+

Top non-repeatable levels by time:
     D:1: 1204 daAuts
     D:2: 1153 daAuts
     D:3: 46 daAuts
